 Dungeon Crawl Stone Soup version 0.31-a0-833-gc15d34cb79 (webtiles) character file.

Game seed: 12932479469318767785

16 Kurtz the Chopper (level 2, 0/21 HPs)
             Began as an Octopode Fighter on Sept 25, 2023.
             Slain by a ball python (3 damage)
             ... on level 2 of the Dungeon.
             The game lasted 00:00:32 (991 turns).

Kurtz the Chopper (Octopode Fighter)                 Turns: 991, Time: 00:00:32

Health: 0/21       AC:  1    Str: 15    XL:     2   Next: 54%
Magic:  2/2        EV: 10    Int: 10    God:
Gold:   40         SH:  4    Dex: 11    Spells: 1/1 levels left

rFire   . . .        a - +0 war axe
rCold   . . .        b - +0 buckler
rNeg    . . .        (helmet restricted)
rPois   .            (no amulet)
rElec   .            (no ring)
rCorr   .            (no ring)
SInv    .            (no ring)
Will    .....        (no ring)
Stlth   ++           (no ring)
HPRegen 0.23/turn    (no ring)
MPRegen 0.08/turn    (no ring)
                     (no ring)

%: no passive effects
@: mighty, constricted
A: almost no armour, amphibious, 8 rings, camouflage 1, gelatinous body 1,
(nimble swimmer 1), tentacles
a: no special abilities


You were on level 2 of the Dungeon.
You visited 1 branch of the dungeon, and saw 2 of its levels.

You collected 40 gold pieces.

Inventory:

Hand Weapons
 a - a +0 war axe (weapon)
Armour
 b - a +0 buckler (worn)
Scrolls
 f - 3 scrolls of identify {unknown}
 g - 3 scrolls of butterflies {unknown}
 h - a scroll of teleportation {unknown}
Potions
 d - a potion of haste {unknown}
 e - a potion of curing {unknown}


   Skills:
 - Level 3.0 Fighting
 * Level 3.1 Axes
 - Level 3.0 Dodging
 - Level 3.0 Shields


You had one spell level left.
You didn't know any spells.
Your spell library contained the following spells:

 Spells                   Type           Power      Damage    Failure   Level
 Sublimation of Blood     Necr           0%         N/A       58%         2
 Wereblood                Tmut           0%         N/A       58%         2
 Summon Hydra             Summ           0%         N/A       100%        7


Dungeon Overview and Level Annotations

Branches:
Dungeon (2/15)

Altars:

Annotations:
D:2 Natasha


Innate Abilities, Weirdness & Mutations

You cannot wear most types of armour.
You are amphibious.
You can wear up to eight rings at the same time.
Your skin changes colour to match your surroundings (Stealth+).
Your rubbery body absorbs attacks. (AC +1, EV +1)
((You are camouflaged when in or above water. (Stealth+)))
You have tentacles for arms and can constrict up to eight enemies at once.


Message History

There are monsters nearby!
You barely miss the ball python. Your grab misses the ball python.
The ball python bites you but does no damage.
The ball python misses you. The giant cockroach barely misses you.
The ball python bites you. The ball python grabs you.
The ball python constricts you. The cerulean imp barely misses you.
There are monsters nearby!
You hit the ball python but do no damage.
Your grab misses the ball python.
You hit the giant cockroach but do no damage.
The giant cockroach bites you.
The ball python bites you but does no damage.
The ball python constricts you.
The cerulean imp hits you from afar with a +0 spear.
You escape the ball python's grasp.
The giant cockroach attacks as it pursues you!
The giant cockroach bites you. You block the cerulean imp's attack.
The giant cockroach closely misses you. You block Natasha's attack.
The ball python attacks as it pursues you!
The ball python closely misses you. x2
The cerulean imp hits you from afar with a +0 spear.
There is a stone staircase leading up, spattered with blood here.
You can't go down here!
The ball python closely misses you. The ball python grabs you.
You stop ascending the stairs.
The ball python constricts you. Natasha closely misses you.
The cerulean imp hits you from afar with a +0 spear.
* * * LOW HITPOINT WARNING * * *
The giant cockroach bites you but does no damage.
You feel very mighty all of a sudden. The ball python bites you.
* * * LOW HITPOINT WARNING * * *
The ball python constricts you.
* * * LOW HITPOINT WARNING * * *
Natasha casts a spell at you. You resist with significant effort.
The giant cockroach bites you.
* * * LOW HITPOINT WARNING * * *
The cerulean imp barely misses you. The ball python bites you.
You die...

...# ....
...
#####.####
#.........
#........<
#.........
#BSh.$....
#.@.5.....
#.........
#.........
#.........
#.........
#..[......
##########


You could see Natasha, a cerulean imp (summoned), a giant cockroach and a ball
python.

Vanquished Creatures
  2 dart slugs (D:1)
  2 goblins (D:1)
  A hobgoblin (D:1)
  2 quokkas (D:1)
  3 ball pythons (D:1)
  A bat (D:1)
  A rat (D:1)
12 creatures vanquished.

Notes
Turn   | Place    | Note
-------+----------+-------------------------------------------
     0 | D:1      | Kurtz the Octopode Fighter began the quest for the Orb.
     0 | D:1      | Reached XP level 1. HP: 16/16 MP: 1/1
   354 | D:1      | Reached XP level 2. HP: 13/21 MP: 2/2
   983 | D:2      | Noticed Natasha
   991 | D:2      | Slain by a ball python

Illustrated notes

Levels and vault maps discovered:
D:1:      dpeg_arrival_long_road, layout_basic
D:2:      layout_rooms, shapermc_ecumenical_altar_ellora, serial_bayou_pond_b,
          uniq_natasha

Skill      XL: |  1  2 |
---------------+-------+-----
Axes           | 3 |  3.1
Fighting       | |  3.0
Dodging        | |  3.0
Shields        | |  3.0

Action                     || total
---------------------------++-------
  Melee: War axe           ||    23
         Constrict         ||     6
         Tentacles         ||     1
    Use: Potion            ||     1
   Stab: Sleeping          ||     6
 Armour: Skin              ||    25
  Dodge: Dodged            ||    19
  Block: Buckler           ||     7

Table legend: (Time is in decaauts)
 A = Elapsed time spent in this place.
 B = Non-inter-level travel time spent in this place.
 C = Inter-level travel time spent in this place.
 D = Time resting spent in this place.
 E = Time spent auto-exploring this place.
 F = Levels seen in this place.
 G = Mean time per level.
                   A        B        C        D        E       F      G
               +--------+--------+--------+--------+--------+-----+--------+
         Total |   1000 |    964 |     36 |    134 |    731 |   2 |  500.0 |
       Dungeon |   1000 |    964 |     36 |    134 |    731 |   2 |  500.0 |
               +--------+--------+--------+--------+--------+-----+--------+

Top non-repeatable levels by time:
     D:1: 991 daAuts
     D:2: 8 daAuts
